 Dungeon Crawl Stone Soup version 0.19.5 (webtiles) character file.

33491 poop the Impaler (level 13, -8/118 HPs)
             Began as a Minotaur Fighter on May 9, 2017.
             Was a High Priest of the Shining One.
             Killed from afar by an ice dragon (43 damage)
             ... with a blast of cold
             ... on level 15 of the Dungeon.
             The game lasted 00:43:44 (13299 turns).

poop the Impaler (Minotaur Fighter)                Turns: 13299, Time: 00:43:44

Health: -8/118     AC: 32    Str: 29    XL:     13   Next: 37%
Magic:  10/12      EV:  9    Int:  5    God:    the Shining One [*****.]
Gold:   1543       SH: 20    Dex: 13    Spells: 0 memorised, 12 levels left

rFire  . . .     SeeInvis .     x - +4 trident (pierce)
rCold  . . .     Gourm    .     k - +4 plate armour
rNeg   + + .     Faith    .     l - +0 shield
rPois  +         Spirit   .     F - +2 hat
rElec  .         Reflect  .     G - +1 cloak
rCorr  .         Harm     .     B - +0 pair of gloves
MR     .....                    q - +2 pair of boots
Stlth  ..........               u - amulet of regeneration
                                y - +4 ring of strength
                                o - +3 ring of protection

@: divine shield, glowing
A: retaliatory headbutt, hooves 1, horns 2, agile 1, poison resistance
a: Divine Shield, Cleansing Flame, Summon Divine Warrior, Renounce Religion


You were on level 15 of the Dungeon.
You worshipped the Shining One.
The Shining One was extremely pleased with you.
You were not hungry.

You visited 2 branches of the dungeon, and saw 16 of its levels.

You collected 1543 gold pieces.

Inventory:

Hand Weapons
 x - a +4 trident of piercing (weapon)
Missiles
 e - 9 exploding tomahawks (quivered)
Armour
 k - a +4 plate armour (worn)
 l - a +0 shield (worn)
 q - a +2 pair of boots (worn)
 B - a +0 pair of gloves (worn)
 C - a +0 large shield
 F - a +2 hat (worn)
 G - a +1 cloak (worn)
Jewellery
 o - a +3 ring of protection (left hand)
 u - an amulet of regeneration (around neck)
 y - a +4 ring of strength (right hand)
Wands
 s - a wand of iceblast (11/15)
 w - a wand of heal wounds (1/9)
 I - a wand of enslavement (5/24)
 L - a wand of flame (9/48)
Scrolls
 b - 7 scrolls of teleportation
 d - 3 scrolls of magic mapping
 p - 6 scrolls of remove curse
 r - 4 scrolls of blinking
 t - 2 scrolls of recharging
 K - a scroll of fog
 N - 2 scrolls of identify
Potions
 a - 2 potions of ambrosia
 c - 2 potions of berserk rage
 i - a potion of heal wounds
 j - 3 potions of cure mutation
 m - 6 potions of curing
 v - 4 potions of might
 A - a potion of brilliance
 D - 3 potions of agility
 E - 2 potions of haste
 H - a potion of flight
 M - 2 potions of mutation
Comestibles
 f - 6 bread rations
 g - 7 royal jellies
 h - 6 meat rations
 n - 3 beef jerkies
 z - 13 fruits
 J - a slice of pizza


   Skills:
 + Level 12.1 Fighting
 + Level 15.3 Polearms
 + Level 12.2 Armour
 + Level 2.7 Dodging
 + Level 1.5 Stealth
 + Level 14.5 Shields
 + Level 1.0 Evocations


You had 12 spell levels left.
You didn't know any spells.

Dungeon Overview and Level Annotations

Branches:
Dungeon (15/15)            Temple (1/1) D:5            Lair (0/6) D:9
    Orc (0/2) D:11         Vaults (0/5) D:13
 Depths: D:15

Altars:
Ashenzari
Cheibriados
Dithmenos
Elyvilon
Fedhas
Gozag
Hepliaklqana
Makhleb
Nemelex Xobeh
Okawaru
Qazlal
Ru
Trog
Uskayaw
Vehumet
Yredelemnul
Zin
The Shining One

Shops:
D:5 }


Innate Abilities, Weirdness & Mutations

You reflexively headbutt those who attack you in melee.
You have a pair of horns on your head.
You have large cloven feet.
You are agile. (Dex +2)
Your system is resistant to poisons. (rPois)


Message History

You hit the ice dragon. Your headbutt misses the ice dragon.
The ice dragon is lightly wounded.
You block the ice dragon's attack. The ice dragon closely misses you.
You block the ice dragon's attack.
You puncture the ice dragon!
The ice dragon is lightly wounded.
You hit the ice dragon but do no damage.
The ice dragon is lightly wounded.
The ice dragon breathes frost at you. The blast of cold hits you!
* * * LOW HITPOINT WARNING * * *
You hit the ice dragon.
You headbutt the ice dragon, but do no damage.
The ice dragon is moderately wounded.
You block the ice dragon's attack.
The ice dragon claws you but does no damage.
You block the ice dragon's attack. The ice dragon breathes frost at you.
The blast of cold hits you!
You die...

#.######## $. .$#.....#
#......... ..# $. .$#####.#
######.##########.## .#..##.##.#
........## #. ...# [.. #.#....
####.....# #. .#.###.# ##.##.#
##...## #. .#..##.####.##.#
##.## #.#.#.....#.......# #.#
#...#..8..##.....## #.#
######.@##....###.#.#.#
##'###........#...## #.#.#.#
##...##.####..D#..## #.#.#.#
##.....#.# #...D.## ##.#.#.#
#........#####..### #......##
#.........##.....#######..#....#
+.........'.....................
#.........##.#...#######.##....#
##...............# #.###..##


You could see a fire dragon and an ice dragon.

Vanquished Creatures
  Snorg (D:14)
  Harold (D:11)
  A centaur warrior (D:14)
  5 vault guards (D:13)
  An ogre mage (D:13)
  2 tengu warriors (D:14)
  An unseen horror (D:12)
  9 hill giants
  4 deep elf magi
  An orc sorcerer (D:13)
  2 orc knights (D:15)
  An ugly thing (D:12)
  3 cyclopes
  Maurice (D:10)
  A centaur zombie (D:10)
  A centaur skeleton (D:13)
  A gargoyle (D:14)
  A komodo dragon (D:14)
  An efreet (D:14)
  3 kobold demonologists (D:11)
  3 trolls (D:12)
  3 meliai (D:10)
  A queen bee (D:11)
  4 hippogriffs
  3 wraiths
  A shadow (D:11)
  The ghost of SharpCheddar the Skirmisher, an amateur HOFi of the Shining One (D:4)
  4 yaks (D:11)
  2 humans (D:13)
  A hungry ghost (D:8)
  15 vampire mosquitoes
  A water moccasin (D:8)
  2 ice beasts
  12 orc warriors
  3 sky beasts
  2 hornet zombies (D:15)
  An eye of draining (D:12)
  2 phantoms
  5 ogres
  22 centaurs
  6 big kobolds
  8 bullfrogs
  A wyvern zombie (D:9)
  A wyvern skeleton (D:15)
  A scorpion (D:8)
  25 killer bees
  13 wights
  An electric eel (D:12)
  A howler monkey (D:10)
  A bullfrog zombie (D:8)
  10 crimson imps
  6 orc priests
  3 jellies
  2 bullfrog skeletons
  4 hounds
  An iguana (D:9)
  9 orc wizards
  7 worker ants
  Robin (D:2)
  A worker ant zombie (D:7)
  18 gnolls
  12 adders
  2 river rats (D:9)
  3 shadow imps
  3 oozes
  2 adder skeletons
  2 worms
  5 dart slugs
  3 leopard geckos
  41 orcs
  2 ball pythons
  5 giant cockroaches
  18 goblins
  14 hobgoblins
  13 jackals
  12 kobolds
  10 bats
  3 frilled lizards
  2 quokka zombies (D:5)
  11 rats
412 creatures vanquished.

Notes
Turn   | Place    | Note
-------+----------+-------------------------------------------
     0 | D:1      | poop the Minotaur Fighter began the quest for the Orb.
     0 | D:1      | Reached XP level 1. HP: 19/19 MP: 0/0
    46 | D:1      | Reached XP level 2. HP: 26/27 MP: 1/1
   264 | D:1      | Reached XP level 3. HP: 31/33 MP: 2/2
   732 | D:2      | Reached skill level 3 in Polearms
   735 | D:2      | Reached XP level 4. HP: 14/41 MP: 3/3
  1141 | D:2      | Found a snail-covered altar of Cheibriados.
  1400 | D:2      | Noticed Robin
  1431 | D:2      | Killed Robin
  1431 | D:2      | Reached skill level 4 in Polearms
  1431 | D:2      | Reached XP level 5. HP: 17/47 MP: 4/4
  1903 | D:2      | Found a basalt altar of Yredelemnul.
  2628 | D:3      | Reached skill level 5 in Armour
  3128 | D:4      | Noticed an ogre
  3133 | D:4      | Killed an ogre
  3133 | D:4      | Reached skill level 5 in Fighting
  3133 | D:4      | Reached skill level 5 in Polearms
  3133 | D:4      | Reached XP level 6. HP: 47/56 MP: 5/5
  3196 | D:4      | Reached skill level 5 in Shields
  3202 | D:4      | Found a shattered altar of Ashenzari.
  3377 | D:4      | Noticed SharpCheddar's ghost (amateur HOFi)
  3388 | D:4      | Killed SharpCheddar's ghost
  3388 | D:4      | Reached XP level 7. HP: 61/61 MP: 6/6
  3558 | D:5      | Entered Level 5 of the Dungeon
  3572 | D:5      | Reached skill level 6 in Polearms
  3791 | D:5      | Found a staircase to the Ecumenical Temple.
  3909 | D:5      | Found Soorgh's Gadget Shop.
  3918 | Temple   | Entered the Ecumenical Temple
  3985 | Temple   | Became a worshipper of the Shining One
  4024 | D:5      | Found a shadowy altar of Dithmenos.
  4026 | D:5      | Found an opulent altar of Gozag.
  4148 | D:5      | Reached skill level 1 in Dodging
  4205 | D:5      | Found a blossoming altar of Fedhas.
  4394 | D:5      | Reached skill level 7 in Polearms
  4394 | D:5      | Reached XP level 8. HP: 63/70 MP: 7/7
  4783 | D:6      | Reached skill level 8 in Polearms
  5023 | D:6      | Found a blossoming altar of Fedhas.
  5363 | D:7      | Reached skill level 9 in Polearms
  5470 | D:7      | Reached XP level 9. HP: 78/78 MP: 8/8
  5982 | D:8      | Noticed a deep elf mage
  5993 | D:8      | Killed a deep elf mage
  6074 | D:8      | Reached skill level 10 in Polearms
  6222 | D:8      | Reached * piety under the Shining One
  7023 | D:9      | Reached XP level 10. HP: 88/88 MP: 9/9
  7063 | D:9      | Found a staircase to the Lair.
  7155 | D:9      | Reached ** piety under the Shining One
  7221 | D:9      | Reached skill level 11 in Polearms
  7598 | D:10     | Entered Level 10 of the Dungeon
  7731 | D:10     | Reached skill level 10 in Shields
  7822 | D:10     | Noticed Maurice
  7831 | D:10     | Killed Maurice
  8051 | D:10     | Noticed a hill giant
  8059 | D:10     | Killed a hill giant
  8059 | D:10     | Reached skill level 12 in Polearms
  8292 | D:11     | Reached *** piety under the Shining One
  8323 | D:11     | Noticed a sun demon
  8452 | D:11     | Noticed a sun demon
  8456 | D:11     | Reached XP level 11. HP: 97/97 MP: 10/10
  8672 | D:11     | Found a staircase to the Orcish Mines.
  8718 | D:11     | Reached skill level 13 in Polearms
  8862 | D:11     | Reached **** piety under the Shining One
  9158 | D:11     | Noticed a hill giant
  9162 | D:11     | Noticed a hill giant
  9166 | D:11     | Noticed Harold
  9168 | D:11     | Killed a hill giant
  9180 | D:11     | Killed a hill giant
  9199 | D:11     | Killed Harold
  9199 | D:11     | Reached skill level 10 in Fighting
  9473 | D:11     | Reached skill level 10 in Armour
  9716 | D:12     | Noticed a cyan ugly thing
  9733 | D:12     | Killed a cyan ugly thing
  9741 | D:12     | Reached skill level 1 in Stealth
  9843 | D:12     | Noticed an unseen horror
  9850 | D:12     | Killed an unseen horror
 10095 | D:12     | Reached ***** piety under the Shining One
 10177 | D:12     | Reached skill level 14 in Polearms
 10177 | D:12     | Reached XP level 12. HP: 107/107 MP: 11/11
 10789 | D:13     | Noticed a vault guard
 10789 | D:13     | Noticed a vault guard
 11025 | D:13     | Found a sacrificial altar of Ru.
 11186 | D:13     | Noticed a vault guard
 11186 | D:13     | Noticed an ogre mage
 11214 | D:13     | Killed a vault guard
 11232 | D:13     | Killed a vault guard
 11239 | D:13     | Killed an ogre mage
 11361 | D:13     | Killed a vault guard
 11414 | D:13     | Found a gate to the Vaults.
 11414 | D:13     | Noticed a vault guard
 11414 | D:13     | Noticed a vault guard
 11427 | D:13     | Killed a vault guard
 11442 | D:13     | Killed a vault guard
 11766 | D:14     | Reached skill level 1 in Evocations
 11784 | D:14     | Noticed a centaur warrior
 11792 | D:14     | Killed a centaur warrior
 12019 | D:14     | Reached XP level 13. HP: 97/116 MP: 12/12
 12035 | D:14     | Gained mutation: Your system is resistant to poisons. (rPois) [potion of mutation]
 12035 | D:14     | Gained mutation: You have large cloven feet. [potion of mutation]
 12035 | D:14     | Gained mutation: You are agile. (Dex +2) [potion of mutation]
 12164 | D:14     | Noticed Snorg
 12172 | D:14     | Killed Snorg
 12172 | D:14     | Reached skill level 15 in Polearms
 12494 | D:14     | Got a translucent leather armour
 12505 | D:14     | Identified the +2 leather armour "Loriojum" {rN++ Str-5 Int+3} (You found it on level 14 of the Dungeon)
 12552 | D:15     | Entered Level 15 of the Dungeon
 12607 | D:15     | Found a burning altar of Makhleb.
 12735 | D:15     | Found a hazy altar of Hepliaklqana.
 13084 | D:15     | Got an ichor-stained mace
 13087 | D:15     | Found a glowing silver altar of Zin.
 13140 | D:15     | Identified the cursed +0 mace "Pewymif" {flame, Int+3} (You found it on level 15 of the Dungeon)
 13277 | D:15     | Noticed a fire dragon
 13299 | D:15     | Killed from afar by an ice dragon

Skill      XL: |  1  2  3  4  5  6  7  8  9 10 11 12 13 |
---------------+----------------------------------------+-----
Fighting       | 4 5 6 7 9 10 11 12 | 12.1
Armour         | 4 5 6 7 8 9 10 11 12 | 12.2
Shields        | 4 5 6 7 9 10 12 14 | 14.5
Polearms       | 3 4 5 7 9 10 12 14 15 | 15.3
Dodging        | 1 2 |  2.7
Stealth        | 1 |  1.5
Evocations     | 1 |  1.0

Action                   |  1- 3 |  4- 6 |  7- 9 | 10-12 | 13-15 || total
-------------------------+-------+-------+-------+-------+-------++-------
Melee: Trident           |    62 |   193 |   280 |   671 |   150 ||  1356
       Headbutt          |     9 |    28 |    52 |   143 |    40 ||   272
Throw: Tomahawk          |       |       |       |       |     2 ||     2
Invok: Divine Shield     |       |       |       |       |     1 ||     1
Evoke: Wand              |       |       |     1 |     2 |       ||     3
  Use: Scroll            |     3 |    10 |    14 |    10 |     4 ||    41
       Potion            |     2 |     1 |     3 |     1 |     1 ||     8
  Eat: Chunk             |       |     8 |     3 |     1 |       ||    12
       Meat ration       |       |       |     1 |     3 |       ||     4
       Fruit             |       |       |     2 |       |       ||     2
       Pizza             |       |       |     1 |       |       ||     1
       Royal jelly       |       |       |       |     2 |       ||     2
       Beef jerky        |       |       |       |     1 |     1 ||     2
Armor: Scale mail        |    26 |    52 |       |       |       ||    78
       Plate armour      |       |    31 |   127 |   308 |    55 ||   521
Dodge: Dodged            |    11 |    46 |    51 |   134 |    28 ||   270
Block: Shield            |    24 |   118 |   155 |   374 |    69 ||   740
